 Dungeon Crawl Stone Soup version 0.27-a0-819-g058290f16d (webtiles) character file.

Game seed: 15984743626799549306

42 polve the Skirmisher (level 3, 0/29 HPs)
             Began as a Demonspawn Abyssal Knight on Mar 29, 2021.
             Was a Follower of Lugonu.
             Slain by a goblin
             ... wielding a +0 club
              (1 damage)
             ... on level 2 of the Dungeon.
             The game lasted 00:00:56 (1967 turns).

polve the Skirmisher (Demonspawn Abyssal Knight)    Turns: 1967, Time: 00:00:56

Health: 0/29       AC:  3    Str: 13    XL:     3   Next: 35%
Magic:  4/4        EV: 11    Int: 13    God:    Lugonu [*.....]
Gold:   122        SH:  0    Dex: 12    Spells: 2/2 levels left

rFire    . . .     SeeInvis .   a - +1 falchion
rCold    . . .     Faith    .   (no shield)
rNeg     . . .     Spirit   .   b - +0 leather armour
rPois    .         Reflect  .   (no helmet)
rElec    .         Harm     .   (no cloak)
rCorr    .         Rampage  .   (no gloves)
Will     .....                  (no boots)
Stlth    +.........             (no amulet)
HPRegen  0.09/turn              (no ring)
MPRegen  0.09/turn              (no ring)

@: lethally poisoned (0 -> -14)
A: claws 1
a: Renounce Religion, Depart the Abyss


You were on level 2 of the Dungeon.
You worshipped Lugonu.
Lugonu was aware of your devotion.
You visited 1 branch of the dungeon, and saw 2 of its levels.
You visited the Abyss 1 time.

You collected 122 gold pieces.

Inventory:

Hand Weapons
 a - a +1 falchion (weapon)
Armour
 b - a +0 leather armour (worn)
 j - a +0 pair of gloves
Scrolls
 d - a scroll of holy word {unknown}
 e - a scroll of fog {unknown}
 h - a scroll of summoning {unknown}
 i - a scroll of noise {unknown}
Potions
 c - 3 potions of curing {unknown}
 f - a potion of attraction {unknown}
 g - a potion of heal wounds {unknown}


   Skills:
 - Level 3.0 Fighting
 - Level 2.5 Long Blades
 - Level 1.7 Armour
 - Level 0.8 Dodging
 + Level 2.1 Unarmed Combat
 - Level 2.4 Invocations


You had 2 spell levels left.
You didn't know any spells.
Your spell library was empty.

Dungeon Overview and Level Annotations

Branches:
Dungeon (2/15)

Altars:
Wu Jian
The Shining One


Innate Abilities, Weirdness & Mutations

You have sharp fingernails.


Message History

You barely miss the adder. The adder bites you but does no damage.
The goblin closely misses you.
You slash the adder!
The adder is heavily wounded.
The adder bites you. The goblin hits you with a +0 club.
The adder barely misses you.
You completely miss the adder.
The adder is heavily wounded.
The goblin hits you with a +0 club. The adder bites you.
You are poisoned.
The adder poisons you!
You are too injured to fight recklessly!
You are too injured to fight recklessly!
You are too injured to fight recklessly!
There are monsters nearby!
There are monsters nearby!
There are monsters nearby!
You closely miss the adder.
The adder is heavily wounded.
You feel sick. The adder barely misses you. The goblin hits you with a +0 club.
The adder closely misses you.
You riposte.
You closely miss the adder.
The adder is heavily wounded.
The goblin hits you with a +0 club.
You hit the adder.
The adder is almost dead.
You feel sick. The adder bites you.
* * * LOW HITPOINT WARNING * * *
You are lethally poisoned!
The adder poisons you! The goblin hits you but does no damage.
The adder bites you.
* * * LOW HITPOINT WARNING * * *
You are more poisoned.
The adder poisons you!
You hit the adder.
You kill the adder!
Lugonu accepts your kill.
* * * LOW HITPOINT WARNING * * *
You feel very sick. The goblin hits you with a +0 club.
You die...

#...#.# .........# .....
#####.#.#........# #....
###.#.####..... #.###
............... . ..
............... ...
.........$..(.. ...
..............# ##.
....#..g.......
....#..@†......
.........####### ####
#....#...# #######.#.
#....#...# ###...#.#...
#........# ###.#.........
########.###.............
#.#.......###.....
#.#.....#.# ###8..
#......#### ###.


You could see a goblin.

Vanquished Creatures
  An adder (D:2)
  5 endoplasms
  A goblin (D:1)
  7 hobgoblins
  6 jackals
  2 kobolds (D:1)
  A quokka (D:1)
  2 ball pythons (D:1)
  2 bats
  3 frilled lizards
  9 rats
39 creatures vanquished.

Notes
Turn   | Place    | Note
-------+----------+-------------------------------------------
     0 | Abyss:1  | polve the Demonspawn Abyssal Knight began the quest for the
                  | Orb.
     0 | Abyss:1  | Reached XP level 1. HP: 18/18 MP: 2/2
    32 | Abyss:1  | Noticed a small abomination
    32 | Abyss:1  | Noticed a raiju
    33 | D:1      | Escaped the Abyss
   299 | D:1      | Reached * piety under Lugonu
   322 | D:1      | Gained mutation: You have sharp fingernails. [demonic
                  | ancestry]
   322 | D:1      | Reached XP level 2. HP: 24/24 MP: 3/3
   540 | D:1      | Reached skill level 1 in Unarmed Combat
   785 | D:1      | You fall into a shaft and drop 1 floor!
   936 | D:1      | Reached XP level 3. HP: 29/29 MP: 4/4
  1402 | D:2      | Found an ornate altar of the Wu Jian Council.
  1967 | D:2      | HP: 1/29 [poisoned by an adder]
  1967 | D:2      | Slain by a goblin

Illustrated notes

Levels and vault maps discovered:
D:1:      dpeg_arrival_lava_altar, layout_loops_ring, serial_park_tiny_2,
          minivault_24, st_stairs_11
D:2:      layout_basic, nzn_wu_jian_contemplation,
          lemuel_coloured_pillars_altar, nicolae_tso_carved_into_rock,
          lemuel_crystal_altar

Skill      XL: |  1  2  3 |
---------------+----------+-----
Long Blades    | 2 |  2.5
Unarmed Combat | 1 2 |  2.1
Fighting       | |  3.0
Armour         | |  1.7
Dodging        | |  0.8
Invocations    | |  2.4

Action                   || total
-------------------------++-------
Melee: Falchion          ||    85
Invok: Depart the Abyss  ||     1
Armor: Leather armour    ||    21
Dodge: Dodged            ||    53
       Rpst.: Falchion   ||    20

Table legend: (Time is in decaauts)
 A = Elapsed time spent in this place.
 B = Non-inter-level travel time spent in this place.
 C = Inter-level travel time spent in this place.
 D = Time resting spent in this place.
 E = Time spent auto-exploring this place.
 F = Levels seen in this place.
 G = Mean time per level.
                   A        B        C        D        E       F      G
               +--------+--------+--------+--------+--------+-----+--------+
         Total |   1983 |   1922 |     61 |      0 |   1697 |   3 |  661.0 |
       Dungeon |   1950 |   1889 |     61 |      0 |   1666 |   2 |  975.0 |
         Abyss |     33 |     33 |      0 |      0 |     31 |   1 |   33.0 |
               +--------+--------+--------+--------+--------+-----+--------+

Top non-repeatable levels by time:
     D:1: 1147 daAuts
     D:2: 802 daAuts
 Abyss:1: 33 daAuts
